 Dungeon Crawl Stone Soup version 0.29.1 (webtiles) character file.

Game seed: 9988368471265685409

51 Artool the Ducker (level 3, -1/28 HPs)
             Began as a Demonspawn Gladiator on Sept 14, 2022.
             Blown up by Ijyb (4 damage)
             ... with a mindburst bolt
             ... on level 3 of the Dungeon.
             The game lasted 00:02:49 (2177 turns).

Artool the Ducker (Demonspawn Gladiator)            Turns: 2177, Time: 00:02:49

Health: -1/28      AC:  6    Str: 16    XL:     3   Next: 58%
Magic:  3/3        EV: 13    Int:  9    God:
Gold:   100        SH:  4    Dex: 14    Spells: 2/2 levels left

rFire   . . .      SeeInvis .   a - +0 flail
rCold   . . .      Faith    .   (no shield)
rNeg    . . .      Spirit   .   b - +0 leather armour
rPois   .          Reflect  .   c - +0 helmet
rElec   .          Harm     .   s - +0 cloak
rCorr   .          Rampage  .   g - +0 pair of gloves
Will    .....                   (no boots)
Stlth   +.........              (no amulet)
HPRegen 0.09/turn               (no ring)
MPRegen 0.08/turn               (no ring)

@: no status effects
A: sturdy frame 1, condensation shield
a: no special abilities


You were on level 3 of the Dungeon.
You visited 1 branch of the dungeon, and saw 3 of its levels.

You collected 100 gold pieces.

Inventory:

Hand Weapons
 a - a +0 flail (weapon)
Missiles
 d - 3 throwing nets (quivered)
 e - a javelin
Armour
 b - a +0 leather armour (worn)
 c - a +0 helmet (worn)
 g - a +0 pair of gloves (worn)
 s - a +0 cloak (worn)
Jewellery
 q - a ring of fire
Scrolls
 f - a scroll of silence {unknown}
 h - a scroll of amnesia {unknown}
 l - a scroll of immolation {unknown}
 n - a scroll of identify {unknown}
 o - a scroll of vulnerability {unknown}
 p - 3 scrolls of fear {unknown}
 t - a scroll of magic mapping {unknown}
Potions
 i - 2 potions of berserk rage {unknown}
 j - a potion of heal wounds {unknown}
 k - a potion of experience {unknown}
 m - a potion of flight {unknown}
 r - a potion of magic {unknown}


   Skills:
 + Level 2.6 Fighting
 + Level 3.1 Maces & Flails
 - Level 2.0 Throwing
 + Level 1.1 Armour
 + Level 3.1 Dodging


You had 2 spell levels left.
You didn't know any spells.
Your spell library contained the following spells:

 Spells                   Type           Power      Damage    Failure   Level
 Inner Flame              Hex/Fire       0%         N/A       77%         3
 Portal Projectile        Hex/Tloc       0%         N/A       77%         3
 Tukima's Dance           Hex            0%         N/A       77%         3
 Cause Fear               Hex            0%         N/A       99%         4
 Blade Hands              Tmut           0%         N/A       100%        5
 Discord                  Hex            0%         N/A       100%        8


Dungeon Overview and Level Annotations

Branches:
Dungeon (3/15)

Altars:

Shops:
D:1 (

Annotations:
D:3 Ijyb


Innate Abilities, Weirdness & Mutations

Your movements are slightly less encumbered by armour. (ER -2)
A meltable shield of frost defends you. (SH +4)


Message History

You kill the endoplasm!
No target in view!
No target in view!
Ijyb the Twisted Goblin comes into view.
She is wielding a +0 dagger of electrocution and carrying a wand of mindburst (6).
Ijyb shouts!
You closely miss Ijyb. Ijyb hits you but does no damage.
You hit Ijyb.
Ijyb is lightly wounded.
Ijyb hits you with a +0 dagger of electrocution.
You hit Ijyb.
Ijyb is moderately wounded.
Ijyb hits you with a +0 dagger of electrocution. x2
You hit Ijyb.
Ijyb is heavily wounded.
You block Ijyb's attack.
You closely miss Ijyb.
Ijyb is heavily wounded.
Ijyb zaps a wand.
Your mind is blasted!
Ouch! That really hurt!
* * * LOW HITPOINT WARNING * * *
You are too injured to fight recklessly!
You are too injured to fight recklessly!
You closely miss Ijyb.
Ijyb is heavily wounded.
Ijyb barely misses you.
Unknown command.
You closely miss Ijyb.
Ijyb is heavily wounded.
Ijyb hits you but does no damage. x2
You sock Ijyb!
Ijyb is almost dead.
Ijyb hits you with a +0 dagger of electrocution.
* * * LOW HITPOINT WARNING * * *
You barely miss Ijyb. You punch Ijyb, but do no damage.
Ijyb is almost dead.
Ijyb hits you but does no damage.
You hit Ijyb.
Ijyb is almost dead.
Ijyb zaps a wand.
Your mind is blasted!
You die...

#####......
#...#......
#...#......
##...##.####
#<......# ..#
############
########.# #.. ..#
#....g.#.# #.#####.#
#@#.# #.##.....
#.#.#### #.##.....
#.#....# #.##.....
####.#....###.#####'#
#.........'.........#
#.........###.#######
#......†..###.# #
#......†...##.#
#..........##.#


You could see Ijyb.

Vanquished Creatures
  2 worms (D:3)
  3 dart slugs
  3 ball pythons
  6 endoplasms
  A giant cockroach (D:1)
  3 goblins
  3 hobgoblins
  2 kobolds
  2 quokkas (D:2)
  4 bats
  2 frilled lizards
  7 rats
38 creatures vanquished.

Notes
Turn   | Place    | Note
-------+----------+-------------------------------------------
     0 | D:1      | Artool the Demonspawn Gladiator began the quest for the
                  | Orb.
     0 | D:1      | Reached XP level 1. HP: 16/16 MP: 1/1
   171 | D:1      | Found Zuosash's Weapon Shop.
   378 | D:1      | Gained mutation: Your movements are slightly less
                  | encumbered by armour. (ER -2) [demonic ancestry]
   378 | D:1      | Reached XP level 2. HP: 19/22 MP: 2/2
  1269 | D:2      | Gained mutation: A meltable shield of frost defends you.
                  | (SH +4) [demonic ancestry]
  1269 | D:2      | Reached XP level 3. HP: 28/28 MP: 3/3
  1328 | D:2      | Found a faded altar of an unknown god.
  1714 | D:3      | Reached skill level 1 in Armour
  2167 | D:3      | Noticed Ijyb
  2177 | D:3      | Blown up by Ijyb

Illustrated notes

Levels and vault maps discovered:
D:1:      lightli_molten_gateway, layout_basic, serial_shops,
          nicolae_shop_bloodbath_and_beyond
D:2:      layout_loops_ring, ebering_ecumenical_altar_rust
D:3:      layout_basic, uniq_ijyb

Skill      XL: |  1  2  3 |
---------------+----------+-----
Throwing       | 2 |  2.0
Maces & Flails | 3 |  3.1
Dodging        | 3 |  3.1
Armour         | 1 |  1.1
Fighting       | |  2.6

Action                   || total
-------------------------++-------
Melee: Flail             ||   134
       Punch             ||     1
 Stab: Sleeping          ||     2
Armor: Leather armour    ||    39
Dodge: Dodged            ||    97
Block: Other             ||    11
